 Dungeon Crawl Stone Soup version 0.31-a0-430-gf8416d752b (webtiles) character file.

Game seed: 17343791985819955392

17 Ajdolov the Changeling (level 2, -2/12 HPs)
             Began as a Felid Shapeshifter on July 31, 2023.
             Slain by an adder (3 damage)
             ... on level 2 of the Dungeon.
             The game lasted 00:00:58 (817 turns).

Ajdolov the Changeling (Felid Shapeshifter)          Turns: 817, Time: 00:00:59

Health: -2/12      AC:  1    Str: 11    XL:     2   Next: 44%
Magic:  3/3        EV: 17    Int:  9    God:
Gold:   92         SH:  0    Dex: 16    Spells: 1/1 levels left
                                        Lives:  0   Deaths: 0

rFire   . .          .
                       - Unarmed
rCold   . . .        (shield unavailable)
rNeg    . . .        (body armour unavailable)
rPois   .            (helmet unavailable)
rElec   .            (cloak unavailable)
rCorr   .            (gloves unavailable)
SInv    +            (boots unavailable)
Will    .....        (no amulet)
Stlth   +            (no ring)
HPRegen 0.22/turn    (no ring)
MPRegen 0.08/turn

%: no passive effects
@: lethally poisoned (-2 -> -4), beast-form, quick
A: beast (slay +2), very small, claws 1, fangs 3, see invisible, speed 1, shaggy
fur 1, stealthy paws, no weapons or thrown items, no armour, multi-lived
a: Begin Untransformation


You were on level 2 of the Dungeon.
You were a hulking beast.
You visited 1 branch of the dungeon, and saw 2 of its levels.

You collected 92 gold pieces.

Inventory:

Talismans
 b - a beast talisman (active)
Scrolls
 c - 2 scrolls of teleportation {unknown}
 d - a scroll of noise {unknown}
 f - a scroll of identify {unknown}
Potions
 a - a potion of lignification
 e - a potion of curing {unknown}
 g - a potion of brilliance {unknown}


   Skills:
 - Level 1.0 Fighting
 - Level 2.6 Dodging
 + Level 3.3 Unarmed Combat
 * Level 3.8 Shapeshifting


You had one spell level left.
You didn't know any spells.
Your spell library contained the following spells:

 Spells                   Type           Power      Damage    Failure   Level
 Tukima's Dance           Hex            0%         N/A       77%         3
 Passage of Golubria      Tloc           0%         N/A       99%         4
 Yara's Violent Unravell  Hex/Tmut       0%         3d3       100%        5


Dungeon Overview and Level Annotations

Branches:
Dungeon (2/15)

Altars:

Annotations:
D:2 Terence


Innate Abilities, Weirdness & Mutations

You are a hulking beast.
Your limbs bulge with bestial killing power. (Slay +2)
You have sharp claws.
You have razor-sharp teeth.
You have supernaturally acute eyesight. (SInv)
You cover ground quickly. (Speed+)
You are covered in fur. (AC +1)
Your paws help you pounce on unaware monsters.
You are incapable of wielding weapons or throwing items.
You cannot wear armour.
You gain extra lives every three experience levels.


Message History

There is a stone staircase leading down here.
You climb downwards.
Found 3 gold pieces.
There is a stone staircase leading up here.
You now have 92 gold pieces (gained 3).
Terence the Incautious comes into view.
He is wielding a +0 morningstar.
Terence shouts!
Okay, then.
Terence asks, "Do you want it fast or slow?"
There is a stone staircase leading up here.
You climb upwards.
There is a stone staircase leading down here.
There is a stone staircase leading down here.
You climb downwards.
Level annotation: Terence
There is a stone staircase leading up here.
An endoplasm comes into view.
An adder comes into view.
Found 6 stones.
Found a scroll labelled FUB JUISYOK.
The adder hisses angrily.
The helpless endoplasm fails to defend itself.
You scratch the endoplasm.
You kill the endoplasm!
You barely miss the adder. The adder bites you. x2
You are poisoned.
The adder poisons you!
You are too injured to fight recklessly!
You scratch the adder. Your claw misses the adder.
The adder is moderately wounded.
You feel sick. The adder closely misses you.
You closely miss the adder. Your bite misses the adder.
The adder is moderately wounded.
You feel sick. The adder bites you.
* * * LOW HITPOINT WARNING * * *
You scratch the adder.
The adder is almost dead.
* * * LOW HITPOINT WARNING * * *
You feel sick. The adder bites you.
You die...

#### ##...##
#.....# ......#
##########.....###
#....<....S.......
#.#######.h.....#
####.......#
...........#
.###.......# ###.#
#.......# ....#
#...(...# #...#
#......#?.
#...###.......#.
#<.......


You could see an adder.

Vanquished Creatures
  3 bats (D:1)
  5 endoplasms
  A giant cockroach (D:1)
  A goblin (D:1)
  A hobgoblin (D:1)
  A kobold (D:1)
  2 frilled lizards (D:1)
  A rat (D:1)
15 creatures vanquished.

Notes
Turn   | Place    | Note
-------+----------+-------------------------------------------
     0 | D:1      | Ajdolov the Felid Shapeshifter began the quest for the Orb.
     0 | D:1      | Reached XP level 1. HP: 9/9 MP: 2/2
   299 | D:1      | Reached XP level 2. HP: 12/12 MP: 3/3
   596 | D:1      | Found a faded altar of an unknown god.
   757 | D:2      | Noticed Terence
   817 | D:2      | Slain by an adder

Illustrated notes

Levels and vault maps discovered:
D:1:      mrwooster_arrival_statue_3, layout_basic,
          chequers_ecumenical_altar_simple
D:2:      layout_loops_ring, basic_altar, uniq_natasha, uniq_terence

Action                     || total
---------------------------++-------
  Melee: Unarmed           ||    31
         Bite              ||     2
         Punch             ||     1
   Stab: Sleeping          ||     2
  Dodge: Dodged            ||    22

Table legend: (Time is in decaauts)
 A = Elapsed time spent in this place.
 B = Non-inter-level travel time spent in this place.
 C = Inter-level travel time spent in this place.
 D = Time resting spent in this place.
 E = Time spent auto-exploring this place.
 F = Levels seen in this place.
 G = Mean time per level.
                   A        B        C        D        E       F      G
               +--------+--------+--------+--------+--------+-----+--------+
         Total |    670 |    617 |     53 |      0 |    513 |   2 |  335.0 |
       Dungeon |    670 |    617 |     53 |      0 |    513 |   2 |  335.0 |
               +--------+--------+--------+--------+--------+-----+--------+

Top non-repeatable levels by time:
     D:1: 636 daAuts
     D:2: 33 daAuts
